Map: Ancient Cistern LE

Players

winzboy - Winner!

  • Race: Protoss Protoss
  • Spawn Location: 7:00

VOD

Have the link to the VOD?

Description

Time

  • Played on: May 20, 2023, 1:56 a.m.
  • Length: 20:49
Show
View Real Time Build Order
Export as new Build Order

winzboy Protoss - Winner!

Build Orders:  

Get SALT Encoding   

  12  0:05  Probe (Chrono Boost)  
  13  0:26  Probe (Chrono Boost)  
  14  0:33  Pylon  
  14  0:38  Probe (Chrono Boost)  
  15  0:59  Gateway  
  15  1:06  Assimilator  
  15  1:08  Probe (Chrono Boost)  
  16  1:25  Probe (Chrono Boost)  
  17  1:45  Probe (Chrono Boost)  
  18  2:02  Probe (Chrono Boost)  
  18  2:08  Nexus  
  19  2:19  Probe (Chrono Boost)  
  20  2:31  Cybernetics Core  
  20  2:36  Assimilator  
  21  2:42  Probe (Chrono Boost)  
  21  3:05  Probe (Chrono Boost)  
  21  3:09  Pylon  
  22  3:22  Probe (Chrono Boost)  
  23  3:36  Pylon  
  23  3:39  Probe (Chrono Boost)  
  26  3:44  Robotics Facility  
  26  3:54  Shield Battery  
  26  3:56  Probe (Chrono Boost)  
  27  4:16  Unknown, Stalker  
  29  4:23  Probe  
  29  4:24  Probe  
  31  4:40  Probe  
  32  4:55  Pylon  
  32  5:05  Forge  
  32  5:08  Twilight Council  
  32  5:10  Warp Gate (Chrono Boost)  
  32  5:15  Probe x2 (Chrono Boost)  
  32  5:17  Pylon  
  34  5:25  Assimilator  
  34  5:29  Assimilator  
  34  5:34  Probe (Chrono Boost)  
  37  5:53  Observer  
  36  6:23  Immortal  
  36  6:28  Protoss Ground Weapons Level 1  
  40  6:36  Templar Archives  
  40  6:41  Pylon  
  40  6:43  Pylon  
  40  6:45  Gateway  
  40  6:47  Gateway  
  40  6:51  Gateway  
  40  6:56  Gateway  
  40  7:02  Probe x2 (Chrono Boost)  
  42  7:14  Zealot  
  44  7:25  Gateway  
  44  7:29  Gateway  
  44  7:42  Gateway  
  44  7:46  Probe (Chrono Boost)  
  45  7:57  Probe (Chrono Boost)  
  45  8:06  Stalker  
  45  8:07  Stalker  
  50  8:11  Probe (Chrono Boost)  
  51  8:27  Gateway  
  51  8:28  Probe (Chrono Boost)  
  52  8:32  Pylon  
  52  8:35  Pylon  
  52  8:37  Sentry  
  52  8:38  Sentry  
  56  8:43  High Templar x2  
  56  8:44  High Templar  
  56  8:45  Probe (Chrono Boost)  
  64  9:02  Probe (Chrono Boost)  
  52  9:15  Zealot  
  52  9:18  Probe (Chrono Boost)  
  45  9:20  Zealot x2  
  45  9:21  Zealot  
  47  9:32  Zealot x2  
  47  9:33  Zealot  
  47  9:35  Probe (Chrono Boost)  
  50  9:50  Stalker x2  
  50  9:51  Stalker  
  54  10:14  Pylon  
  54  10:17  Pylon  
  54  10:18  High Templar x2  
  54  10:19  High Templar  
  60  10:23  High Templar  
  60  10:26  Archon  
  60  10:29  Archon  
  62  10:33  Immortal  
  66  10:55  Pylon  
  66  10:58  Sentry  
  68  11:03  Stalker  
  68  11:04  Stalker x2  
  68  11:05  Stalker  
  76  11:28  Probe  
  77  11:45  Probe  
  77  11:47  Stalker  
  80  12:02  Probe  
  80  12:08  Nexus  
  81  12:11  Assimilator  
  81  12:19  Probe  
  82  12:21  Pylon  
  82  12:28  Assimilator  
  82  12:36  Probe, Charge (Chrono Boost)  
  82  12:37  High Templar x2  
  82  12:38  High Templar x2  
  91  12:45  Archon  
  91  12:46  Archon  
  91  13:01  Zealot  
  91  13:02  Zealot x2  
  91  13:03  Zealot  
  99  13:18  Immortal  
  103  13:34  Robotics Facility  
  103  13:49  Gateway  
  103  13:52  Gateway  
  103  13:56  Gateway  
  103  13:57  Pylon  
  103  14:00  Probe  
  103  14:05  Zealot  
  106  14:12  High Templar x2  
  106  14:13  Immortal  
  106  14:17  Probe  
  109  14:34  Probe  
  108  14:42  Archon  
  108  14:45  High Templar  
  108  14:46  High Templar  
  108  14:49  Zealot  
  114  14:50  Zealot x2  
  114  14:51  Probe, Zealot  
  121  15:08  Probe  
  122  15:23  Zealot x2  
  122  15:24  High Templar  
  122  15:25  Probe, High Templar  
  122  15:26  High Templar  
  133  15:41  Probe  
  133  15:47  Robotics Facility  
  134  15:54  Gateway  
  134  15:58  Probe  
  135  16:07  Zealot x2  
  135  16:08  Stalker  
  135  16:09  Stalker x2  
  145  16:10  Stalker  
  145  16:11  Stalker  
  149  16:26  Protoss Ground Armor Level 1  
  149  16:29  Archon  
  149  16:30  Archon  
  149  16:54  Pylon  
  149  16:58  Pylon  
  149  17:03  Pylon  
  149  17:19  Immortal x2  
  157  17:31  High Templar  
  157  17:32  High Templar x2  
  157  17:38  High Templar  
  165  17:41  Archon  
  165  17:49  Pylon  
  165  18:14  Warp Prism, Immortal  
  165  18:18  Archon  
  153  19:04  Immortal  
  153  19:09  Immortal  
  161  19:25  Zealot  
  161  19:26  Zealot x2  
  161  19:27  Zealot x2  
  173  20:12  Probe  
  174  20:29  Probe  
Tags
 
Add a new tag
Caveats
  • Supply blocks, unpowered buildings, or Contaminate may cause inaccurate times.
  • Supply counts are checked every 10 seconds.